 Dungeon Crawl Stone Soup version 0.22.0-75-g3901e7991e (webtiles) character file.

99 Anthracite the Shield-Bearer (level 5, -2/42 HPs)
             Began as a Formicid Fighter on Sept 11, 2018.
             Slain by an orc
             ... wielding a +0 falchion
              (4 damage)
             ... on level 3 of the Dungeon.
             The game lasted 00:10:08 (1780 turns).

Anthracite the Shield-Bearer (Formicid Fighter)     Turns: 1780, Time: 00:10:09

Health: -2/42      AC:  8    Str: 22    XL:     5   Next: 2%
Magic:  5/5        EV:  8    Int:  7    God:
Gold:   72         SH:  9    Dex: 10    Spells: 4/4 levels left

rFire    . . .     SeeInvis +   a - +0 rapier
rCold    . . .     Gourm    .   c - +0 shield
rNeg     . . .     Faith    .   b - +0 scale mail
rPois    .         Spirit   .   (helmet unavailable)
rElec    .         Reflect  .   (no cloak)
rCorr    .         Harm     .   (no gloves)
MR       .....                  j - +0 pair of boots
Stlth    ..........             (no amulet)
HPRegen  0.14/turn              (no ring)
MPRegen  0.09/turn              (no ring)

@: no status effects
A: permanent stasis, dig shafts and tunnels, four strong arms, antennae 3
a: Dig, Shaft Self


You were on level 3 of the Dungeon.
You were not hungry.

You visited 1 branch of the dungeon, and saw 3 of its levels.

You collected 72 gold pieces.

Inventory:

Hand Weapons
 a - a +0 rapier (weapon)
Armour
 b - a +0 scale mail (worn)
 c - a +0 shield (worn)
 j - a +0 pair of boots (worn)
Wands
 o - a wand of flame (28)
Scrolls
 e - 2 scrolls of teleportation
 h - a scroll of remove curse
 i - 3 scrolls of identify
Potions
 g - a potion of flight
 k - a potion of mutation {unknown}
 n - a potion of brilliance {unknown}
 p - a potion of curing {unknown}
Comestibles
 d - a chunk of flesh
 f - 4 rations


   Skills:
 + Level 4.0 Fighting
 + Level 2.8 Short Blades
 + Level 4.0 Armour
 + Level 0.8 Dodging
 + Level 0.1 Stealth
 + Level 4.3 Shields


You had 4 spell levels left.
You didn't know any spells.
Your spell library was empty.

Dungeon Overview and Level Annotations

Branches:
Dungeon (3/15)

Altars:
Xom


Innate Abilities, Weirdness & Mutations

You cannot be hasted, slowed, berserked, paralysed or teleported.
You can dig through walls and to a lower floor.
Your four strong arms can wield two-handed weapons with a shield.
You have a pair of large antennae on your head. (SInv)


Message History

The orc hits you with a club.
* * * LOW HITPOINT WARNING * * *
As you read the scroll labeled RAKKIOZXIO, it crumbles to dust.
Your stasis prevents you from teleporting.
It was a scroll of blinking.
The orc hits you but does no damage.
As you read the scroll labeled ZEOPPA BAPSIUMITH, it crumbles to dust.
You feel aware of your surroundings.
It was a scroll of magic mapping.
You block the orc's attack. The orc barely misses you.
You hit the orc but do no damage. You block the orc's attack.
The orc hits you with a falchion.
* * * LOW HITPOINT WARNING * * *
Unknown command.
You hit the orc.
The orc is heavily wounded.
You block the orc's attack. The orc hits you with a falchion.
* * * LOW HITPOINT WARNING * * *
You hit the orc.
You kill the orc!
The orc hits you with a falchion.
You die...

,****,* #.###...#.....#.#
,*,,,,* #.......###.#.#.###
,*,**** #####.#.###........
,*,* #...#.......... ,*,*
##..#.......... **,*********
#..#.......... ,,,,,,,,,,,*
#..#.......... ***,,,,,,,,*
#####..#.....#.### ,,+,,,,,,,,*
#@)............#
,**,,,,,,,,****#o###..#....####
,**,,,,,,.oo.{.so#....#......#
***,,,,,,.....ooo#.##.#.....(#
* *,,,,,,.......##...........#
* *,,,,,,.......*###.#.##'#####
* *,,,,,,...%...*#<#.....†....#
* *****+*##.....*#.#..........#
* *,* #.####*#)#..........#


You could see an orc priest, 4 orcs and a giant cockroach.

Vanquished Creatures
  An adder (D:3)
  4 gnolls
  2 dart slugs (D:1)
  A leopard gecko (D:1)
  2 orcs (D:3)
  4 bats
  A giant cockroach (D:2)
  7 goblins
  6 hobgoblins
  2 ball pythons
  2 frilled lizards
  6 kobolds
  7 rats
45 creatures vanquished.

Notes
Turn   | Place    | Note
-------+----------+-------------------------------------------
     0 | D:1      | Anthracite the Formicid Fighter began the quest for the
                  | Orb.
     0 | D:1      | Reached XP level 1. HP: 18/18 MP: 1/1
   129 | D:1      | Reached XP level 2. HP: 19/24 MP: 2/2
   306 | D:1      | Reached XP level 3. HP: 26/29 MP: 3/3
   925 | D:2      | Found a shimmering altar of Xom.
  1015 | D:2      | Reached XP level 4. HP: 4/37 MP: 4/4
  1769 | D:3      | Reached XP level 5. HP: 37/42 MP: 5/5
  1779 | D:3      | HP: 2/42 [orc/falchion (1)]
  1780 | D:3      | Slain by an orc

Skill      XL: |  1  2  3  4 |
---------------+-------------+-----
Shields        | 4 |  4.3
Fighting       | 4 |  4.0
Armour         | 4 |  4.0
Short Blades   | |  2.8
Dodging        | |  0.8
Stealth        | |  0.1

Action                   |  1- 3 |  4- 6 || total
-------------------------+-------+-------++-------
Melee: Rapier            |   108 |    50 ||   158
  Use: Scroll            |     1 |     4 ||     5
       Potion            |       |     2 ||     2
  Eat: Chunk             |       |     3 ||     3
       Ration            |       |     1 ||     1
Armor: Scale mail        |    43 |    15 ||    58
Dodge: Dodged            |    43 |    15 ||    58
Block: Shield            |    74 |    31 ||   105
